 Dungeon Crawl Stone Soup version 0.28.0 (webtiles) character file.

Game seed: 903105754797032724

7923 pkoi the Zephyrmancer (level 10, -2/77 HPs)
             Began as a Demigod Air Elementalist on Feb 11, 2022.
             Slain by an orc priest (5 damage)
             ... on level 10 of the Dungeon.
             The game lasted 00:17:58 (15359 turns).

pkoi the Zephyrmancer (Demigod Air Elementalist)   Turns: 15359, Time: 00:18:00

Health: -2/77      AC:  5    Str:  9    XL:     10   Next: 73%
Magic:  4/31       EV: 13    Int: 31    God:
Gold:   354        SH:  0    Dex: 14    Spells: 12/20 levels left

rFire   . . .      SeeInvis +   J - +11 spear "Roal" {vamp, *Slow MP+9 Int+2}
rCold   . . .      Faith    .   (no shield)
rNeg    . . .      Spirit   .   a - +0 robe
rPois   .          Reflect  .   (no helmet)
rElec   .          Harm     .   F - +0 cloak
rCorr   .          Rampage  .   (no gloves)
Will    +....                   o - +1 pair of boots
Stlth   ++........              t - amulet of magic regeneration
HPRegen 0.22/turn               m - ring of see invisible
MPRegen 0.62/turn               (no ring)

@: no status effects
A: high MP 1, forlorn, divine attributes
a: no special abilities


You were on level 10 of the Dungeon.
You visited 2 branches of the dungeon, and saw 11 of its levels.

You collected 490 gold pieces.
You spent 136 gold pieces at shops.

Inventory:

Hand Weapons
 d - a +0 dagger
 f - a +3 flail
 k - a +0 dagger of freezing
 n - the +1 war axe "Fostriokli" {venom, rElec rN+ Str+3}
   (You found it on level 4 of the Dungeon)

   It poisons the flesh of those it strikes.
   Str:       It affects your strength (+3).
   rElec:     It insulates you from electricity.
   rN:        It protects you from negative energy.
 B - a +4 whip of venom
 J - the +11 spear "Roal" (weapon) {vamp, *Slow MP+9 Int+2}
   (You bought it in a shop on level 9 of the Dungeon)

   It occasionally heals its wielder for a portion of the damage dealt when it
   wounds a living foe.
   Int:       It affects your intelligence (+2).
   MP:        It affects your magic capacity (+9).
   *Slow:     It may slow you when you take damage.
Missiles
 y - a curare-tipped dart
Armour
 a - a +0 robe (worn)
 o - a +1 pair of boots (worn)
 F - a +0 cloak (worn)
Jewellery
 m - a ring of see invisible (left hand)
 t - an amulet of magic regeneration (around neck)
 D - a +4 ring of evasion
 L - a ring of protection from fire
 M - a ring of magical power
Wands
 h - a wand of paralysis (18)
 p - a wand of iceblast (7)
 I - a wand of acid (12)
 K - a wand of flame (12)
Scrolls
 r - 3 scrolls of enchant armour
 s - a scroll of amnesia
 u - 2 scrolls of fear
 v - a scroll of fog
 x - 4 scrolls of identify
Potions
 b - 2 potions of flight
 c - 2 potions of heal wounds
 e - a potion of mutation {unknown}
 g - 3 potions of brilliance
 i - 2 potions of experience {unknown}
 j - 2 potions of haste
 l - 4 potions of curing
 q - 2 potions of lignification
 w - 2 potions of invisibility {unknown}
 z - 2 potions of might {unknown}
 C - 2 potions of degeneration {unknown}
 E - a potion of cancellation {unknown}


   Skills:
 - Level 3.0 Fighting
 - Level 3.0 Dodging
 - Level 1.7 Stealth
 + Level 5.2 Unarmed Combat
 + Level 5.5 Spellcasting
 - Level 0.8 Conjurations
 + Level 12.1 Air Magic
 + Level 4.9 Evocations


You had 12 spell levels left.
You knew the following spells:

 Your Spells              Type           Power      Damage    Failure   Level
a - Shock                 Conj/Air       100%       1d9       1%          1
b - Swiftness             Air            71%        N/A       1%          3
c - Airstrike             Air            35%        N/A       1%          4

Your spell library contained the following spells:

 Spells                   Type           Power      Damage    Failure   Level
 Static Discharge         Conj/Air       48%        N/A       1%          2
 Summon Small Mammal      Summ           32%        N/A       5%          1
 Blink                    Tloc           16%        N/A       8%          2
 Call Canine Familiar     Summ           8%         N/A       16%         3
 Lesser Beckoning         Tloc           8%         N/A       16%         3
 Portal Projectile        Hex/Tloc       16%        N/A       16%         3
 Summon Guardian Golem    Hex/Summ       8%         N/A       16%         3
 Leda's Liquefaction      Hex/Erth       4%         N/A       45%         4
 Blade Hands              Tmut           4%         N/A       82%         5
 Excruciating Wounds      Necr           4%         N/A       82%         5
 Lee's Rapid Deconstruct  Erth           4%         3d6*      82%         5
 Manifold Assault         Tloc           8%         N/A       82%         5
 Statue Form              Tmut/Erth      5%         N/A       100%        6


Dungeon Overview and Level Annotations

Branches:
Dungeon (10/15)            Temple (1/1) D:6
   Lair: D:8-11         Orc: D:9-12

Shops:
D:1 [   D:9 (


Innate Abilities, Weirdness & Mutations

You have an increased reservoir of magic. (+10% MP)
You shall have no god before yourself.
Your divine heritage dramatically boosts your attributes as you level up.


Message History

Aiming: Airstrike (safe; 1% risk of failure)
Press: ? - help, Q - select action, (/) - cycle Dir - move target, f/p - orc warrior
Aim: an orc warrior, wielding a +2 mace of protection and wearing a +0 plate armour (severely wounded, empty space bonus: 3/8)
The air twists around and strikes the orc warrior!
The orc warrior is almost dead.
The orc priest calls upon Beogh to heal the orc warrior.
The orc warrior is healed somewhat.
Aiming: Airstrike (safe; 1% risk of failure)
Press: ? - help, Q - select action, (/) - cycle Dir - move target, f/p - orc warrior
Aim: an orc warrior, wielding a +2 mace of protection and wearing a +0 plate armour (severely wounded, empty space bonus: 4/8)
The air twists around and strikes the orc warrior.
The orc warrior is severely wounded.
The orc warrior hits you with a +2 mace of protection!
* * * LOW HITPOINT WARNING * * *
Aiming: Airstrike (safe; 1% risk of failure)
Press: ? - help, Q - select action, (/) - cycle Dir - move target, f/p - orc warrior
Aim: an orc warrior, wielding a +2 mace of protection and wearing a +0 plate armour (severely wounded, empty space bonus: 3/8)
The air twists around and strikes the orc warrior.
The orc warrior is almost dead.
The orc warrior hits you with a +2 mace of protection.
* * * LOW HITPOINT WARNING * * *
The orc priest hits you with a +0 hand axe.
* * * LOW HITPOINT WARNING * * *
Aiming: Airstrike (safe; 1% risk of failure)
Press: ? - help, Q - select action, (/) - cycle Dir - move target, f/p - orc warrior
Aim: an orc warrior, wielding a +2 mace of protection and wearing a +0 plate armour (almost dead, empty space bonus: 2/8)
The air twists around and strikes the orc warrior but does no damage.
The orc warrior closely misses you. The orc hits you but does no damage.
The orc priest looks satisfied for a moment.
Aiming: Airstrike (safe; 1% risk of failure)
Press: ? - help, Q - select action, (/) - cycle Dir - move target, f/p - orc warrior
Aim: an orc warrior, wielding a +2 mace of protection and wearing a +0 plate armour (almost dead, empty space bonus: 2/8)
The air twists around and strikes the orc warrior.
The orc warrior is almost dead.
The orc warrior hits you with a +2 mace of protection.
* * * LOW HITPOINT WARNING * * *
The orc hits you with a +0 dagger.
* * * LOW HITPOINT WARNING * * *
The orc priest hits you with a +0 hand axe.
You die...

#. #.# #.# #.# #(# #)#
#.# #.# #.# #.# #.# #.#
#.#######.#
#.###....oo...#####.#
#........@o..)).....#
.....###########.#######
### #.############
#.....oo......
##############


You could see an orc warrior, an orc priest and an orc.

Vanquished Creatures
  A boulder beetle (D:9)
  4 two-headed ogres
  Pikel (D:5)
  Grinder (D:5)
  Sigmund (D:2)
  Grum (D:9)
  An acid dragon (D:8)
  Duvessa (D:7)
  A sky beast (D:5)
  2 ice beasts
  4 orc warriors
  2 black bears
  A necrophage (D:7)
  An ogre (D:3)
  A centaur (D:10)
  4 wolves
  2 lemures
  A phantom (D:5)
  3 kobold brigands
  3 bullfrogs
  A gnoll sergeant (D:10)
  4 scorpions
  A wyvern skeleton (D:7)
  Dowan (D:6)
  3 killer bees (D:8)
  10 wights
  2 howler monkeys (D:7)
  2 centaur zombies
  2 jellies
  2 hounds (D:7)
  A bullfrog skeleton (D:6)
  5 orc priests
  A gnoll shaman (D:4)
  A scorpion zombie (D:5)
  Natasha (thrice) (D:3)
  3 iguanas
  3 orc wizards
  A killer bee zombie (D:8)
  A hound skeleton (D:4)
  A howler monkey zombie (D:8)
  11 gnolls
  7 adders
  3 ufetubi (D:4)
  3 adder skeletons
  A dart slug (D:4)
  22 orcs
  4 ball pythons
  7 bats
  5 endoplasms
  3 giant cockroaches
  8 goblins
  5 hobgoblins
  2 jackals (D:5)
  3 quokkas
  3 frilled lizards (D:2)
  16 kobolds
  4 rats
191 creatures vanquished.

Notes
Turn   | Place    | Note
-------+----------+-------------------------------------------
     0 | D:1      | pkoi the Demigod Air Elementalist began the quest for the
                  | Orb.
     0 | D:1      | Reached XP level 1. HP: 14/14 MP: 5/5
   136 | D:1      | Reached skill level 3 in Air Magic
   180 | D:1      | Found Takirhu's Armour Boutique.
   388 | D:1      | Reached XP level 2. HP: 20/20 MP: 1/7
  1388 | D:2      | Reached XP level 3. HP: 26/26 MP: 4/8
  1510 | D:2      | Noticed Sigmund
  1992 | D:3      | Noticed an ogre
  2004 | D:3      | Killed an ogre
  2005 | D:3      | Reached skill level 4 in Air Magic
  2005 | D:3      | Reached XP level 4. HP: 33/33 MP: 6/11
  2205 | D:3      | Noticed Natasha
  2211 | D:3      | Killed Natasha
  2212 | D:3      | Reached XP level 5. HP: 38/38 MP: 5/12
  2329 | D:3      | Noticed Natasha
  2336 | D:3      | Killed Natasha
  2404 | D:3      | Noticed Natasha
  2409 | D:3      | Killed Natasha
  2410 | D:3      | Reached skill level 5 in Air Magic
  2625 | D:3      | Learned a level 3 spell: Swiftness
  2630 | D:3      | Learned a level 4 spell: Airstrike
  3232 | D:4      | Identified the +1 war axe "Fostriokli" {venom, rElec rN+
                  | Str+3}
  3288 | D:4      | Reached XP level 6. HP: 42/45 MP: 9/13
  3546 | D:4      | Reached skill level 6 in Air Magic
  4353 | D:5      | Entered Level 5 of the Dungeon
  4360 | D:5      | Noticed Grinder
  4375 | D:5      | Killed Grinder
  4376 | D:5      | Reached skill level 7 in Air Magic
  4376 | D:5      | Reached XP level 7. HP: 27/50 MP: 2/14
  4884 | D:5      | Noticed Pikel
  5031 | D:5      | Reached skill level 8 in Air Magic
  5295 | D:5      | Killed Pikel
  5296 | D:5      | Reached skill level 9 in Air Magic
  5296 | D:5      | Reached XP level 8. HP: 23/57 MP: 0/15
  5897 | D:5      | Reached skill level 10 in Air Magic
  6929 | D:6      | Found a staircase to the Ecumenical Temple.
  6947 | Temple   | Entered the Ecumenical Temple
  7642 | D:2      | Killed Sigmund
  8876 | D:6      | Reached skill level 1 in Fighting
  8876 | D:6      | Reached skill level 1 in Unarmed Combat
  9394 | D:6      | Reached XP level 9. HP: 28/64 MP: 4/16
  9649 | D:7      | Reached skill level 11 in Air Magic
  9924 | D:7      | Noticed Duvessa
  9924 | D:7      | Noticed Dowan
 10102 | D:7      | Killed Duvessa
 10111 | D:6      | Killed Dowan
 10116 | D:6      | Reached skill level 1 in Evocations
 11866 | D:8      | Noticed a two-headed ogre
 11870 | D:8      | Killed a two-headed ogre
 12255 | D:8      | Noticed a two-headed ogre
 12298 | D:8      | Killed a two-headed ogre
 12299 | D:8      | Reached XP level 10. HP: 60/77 MP: 4/20
 13009 | D:9      | Found Poag's Antique Weapon Shoppe.
 13018 | D:9      | Bought an ancient spear for 136 gold pieces
 13018 | D:9      | Identified the +11 spear "Roal" {vamp, *Slow MP+9 Int+2}
                  | (You bought it in a shop on level 9 of the Dungeon)
 13178 | D:9      | Noticed Grum
 13193 | D:9      | Killed Grum
 13692 | D:9      | Noticed a boulder beetle
 13743 | D:9      | Killed a boulder beetle
 13744 | D:9      | Reached skill level 5 in Spellcasting
 14107 | D:9      | Noticed a two-headed ogre
 14113 | D:9      | Killed a two-headed ogre
 14114 | D:9      | Reached skill level 12 in Air Magic
 14415 | D:10     | Entered Level 10 of the Dungeon
 14454 | D:10     | Reached skill level 5 in Unarmed Combat
 14810 | D:10     | Noticed a two-headed ogre
 14858 | D:10     | Killed a two-headed ogre
 15359 | D:10     | HP: 3/77 [orc (4)]
 15359 | D:10     | Slain by an orc priest

Illustrated notes

Levels and vault maps discovered:
D:1:      nzn_arrival_water_spiral, layout_basic, serial_shops,
          nicolae_shop_trees, dreamdust_ecumenical_altar_grove
D:2:      layout_rooms, uniq_sigmund
D:3:      layout_rooms, hangedman_abyss_or_decor_stabs, uniq_natasha
D:4:      layout_loops_ring
D:5:      layout_rooms, uniq_grinder, uniq_pikel
D:6:      layout_basic, minmay_temple_entry_glass
D:7:      layout_rooms, uniq_duvessa
D:8:      layout_basic, lemuel_zombie_altar_yredelemnul
D:9:      layout_irregular_city, serial_shops, shop, uniq_grum
D:10:     layout_loops_ring, enter_bailey_3
Temple:   mainiacjoe_temple_circle_huts

Skill      XL: |  1  2  3  4  5  6  7  8  9 10 |
---------------+-------------------------------+-----
Air Magic      | 3 4 5 7 9 10 11 12 | 12.1
Spellcasting   | 2 3 4 5 |  5.5
Dodging        | 2 3 |  3.0
Fighting       | 1 3 |  3.0
Unarmed Combat | 1 3 5 |  5.2
Evocations     | 3 4 |  4.9
Stealth        | |  1.7
Conjurations   | |  0.8

Action                   |  1- 3 |  4- 6 |  7- 9 | 10-12 || total
-------------------------+-------+-------+-------+-------++-------
Melee: Dagger            |     6 |    16 |       |       ||    22
       War axe           |       |    14 |    38 |       ||    52
       Unarmed           |       |       |    41 |       ||    41
       Punch             |       |       |     1 |     1 ||     2
       Spear             |       |       |       |    14 ||    14
 Cast: Shock             |    56 |   104 |    43 |       ||   203
       Airstrike         |       |       |   133 |    90 ||   223
  Use: Scroll            |     1 |     7 |     5 |     3 ||    16
       Potion            |     2 |       |       |       ||     2
 Stab: Sleeping          |       |       |     1 |       ||     1
Armor: Skin              |     9 |       |       |       ||     9
       Robe              |     2 |    14 |    29 |     9 ||    54
Dodge: Dodged            |    10 |    53 |    92 |    46 ||   201
